 Dungeon Crawl Stone Soup version 0.30-a0-900-g23479c02f2 (webtiles) character file.

Game seed: 13134022588600493744

1598 porpoise the Trooper (level 9, -8/102 HPs)
             Began as a Djinni Fire Elementalist on Mar 19, 2023.
             Was an Initiate of Makhleb.
             Mangled by Edmund
             ... wielding a +0 dire flail of protection
              (14 damage)
             ... on level 6 of the Dungeon.
             The game lasted 00:25:06 (6017 turns).

porpoise the Trooper (Djinni Fire Elementalist)     Turns: 6017, Time: 00:25:07

Health: -8/102     AC:  5    Str:  7    XL:     9   Next: 15%
Gold:   537        EV: 12    Int: 20    God:    Makhleb [......] SH:  0 Dex: 15

rFire   + + .      SeeInvis .    a - +2 dagger (venom)
rCold   . . .      Faith    .    (no shield)
rNeg    . . .      Spirit   .    l - +0 robe
rPois   ∞          Reflect  .    x - +1 helmet
rElec   .          Rampage  .    n - +0 cloak
rCorr   .                        (no gloves)
Will    +....                    (boots unavailable) Stlth
                                 c - amulet of regeneration
HPRegen 1.17/turn                e - ring of willpower
MPRegen 0.00/turn                d - ring of protection from cold

@: berserking, immotile, flying, very quick
A: sickness immunity, fire resistance 2, cold vulnerability 1, float, innate
caster, HP casting, extra vitality 1
a: Renounce Religion


You were on level 6 of the Dungeon.
You worshipped Makhleb.
Makhleb was noncommittal.
You visited 2 branches of the dungeon, and saw 7 of its levels.

You collected 537 gold pieces.

Inventory:

Hand Weapons
 a - a +2 dagger of venom (weapon)
 b - a +0 sling
Missiles
 A - 14 poisoned darts
Armour
 l - a +0 robe (worn)
 n - a +0 cloak (worn)
 p - the -1 helmet "Awkawop" {Harm rN++ Regen+ Slay-3}
   (You found it on level 4 of the Dungeon)

   Slay:      It affects your accuracy & damage with ranged weapons and melee
   (-3).
   rN:        It greatly protects you from negative energy.
   Regen:     It increases your rate of health regeneration.
   Harm:      It increases damage dealt and taken.
 x - a +1 helmet (worn)
Jewellery
 c - an amulet of regeneration (around neck)
 d - a ring of protection from cold (right hand)
 e - a ring of willpower (left hand)
 o - a ring of positive energy
 v - an amulet of faith
 z - a ring of ice
Wands
 u - a wand of quicksilver (8)
 y - a wand of polymorph (6)
Scrolls
 f - 6 scrolls of teleportation
 i - a scroll of silence {unknown}
 j - a scroll of enchant weapon
 k - a scroll of vulnerability {unknown}
 r - a scroll of enchant armour
 t - a scroll of noise {unknown}
 B - a scroll of fear {unknown}
 C - a scroll of poison {unknown}
 E - a scroll of magic mapping {unknown}
Potions
 g - 3 potions of resistance
 h - 3 potions of curing
 m - 2 potions of brilliance
 q - a potion of lignification
 s - a potion of invisibility
 D - 2 potions of attraction {unknown}


   Skills:
 * Level 7.3 Fighting
 - Level 0.7 Short Blades
 - Level 2.4 Dodging
 - Level 2.1 Stealth
 * Level 6.1 Spellcasting
 + Level 2.0 Invocations


You knew the following spells:

 Your Spells              Type           Power      Damage    Failure   Level
a - Foxfire               Conj/Fire      100%       2x1d9     1%          1
b - Scorch                Fire           60%        2d8       1%          2
c - Kindle Blastsparks    Fire/Tloc/Air  60%        2d15      2%          3
d - Inner Flame           Hex/Fire       30%        N/A       2%          3
e - Ensorcelled Hibernat  Hex/Ice        60%        N/A       1%          2
f - Slow                  Hex            100%       N/A       1%          1
g - Passage of Golubria   Tloc           30%        N/A       9%          4
s - Momentum Strike       Conj/Tloc      60%        3d9       1%          2
w - Flame Wave            Conj/Fire      30%        2d9       9%          4
Your spell library was empty.

Dungeon Overview and Level Annotations

Branches:
Dungeon (6/15)             Temple (1/1) D:6

Altars:
Ashenzari
Cheibriados
Dithmenos
Gozag
Makhleb
Nemelex Xobeh
Qazlal
Ru
Trog
Uskayaw
Wu Jian
Yredelemnul
Zin
The Shining One

Annotations:
D:6 1 runed translucent door, Edmund


Innate Abilities, Weirdness & Mutations

You are immune to sickness and miasma.
You are immune to poison.
Your flesh is very heat resistant. (rF++)
You are vulnerable to cold. (rC-)
You float through the air rather than walking.
You learn spells naturally, not from books.
Your magical power is your life essence.
You have superior vitality. (+4 MHP)


Message History

You are unable to move.
Edmund completely misses you.
Edmund hits you with a +0 dire flail of protection!
Casting: Momentum Strike (safe; 1% risk of failure)
Confirm with . or Enter, or press ? or * to list all spells.
You conjure some foxfire!
The foxfire hits the orc but does no damage.
Edmund closely misses you.
You completely miss Edmund.
Edmund is severely wounded.
The foxfire hits Edmund but does no damage.
Edmund is severely wounded.
Edmund barely misses you.
Edmund hits you with a +0 dire flail of protection!
* * * LOW HITPOINT WARNING * * *
Casting: Foxfire (safe; 1% risk of failure)
Confirm with . or Enter, or press ? or * to list all spells.
You conjure some foxfire!
* * * LOW HITPOINT WARNING * * *
The orc misses you.
The orc hits your foxfire with a +0 war axe.
Edmund barely misses you.
You closely miss Edmund.
Edmund is severely wounded.
Edmund is no longer more vulnerable to fire.
The foxfire hits Edmund but does no damage.
Edmund is severely wounded.
The foxfire hits Edmund but does no damage.
Edmund is severely wounded.
Edmund hits you with a +0 dire flail of protection!
* * * LOW HITPOINT WARNING * * *
Edmund barely misses you.
A red film seems to cover your vision as you go berserk!
You feel yourself moving faster!
You feel mighty!
Edmund hits you with a +0 dire flail of protection.
* * * LOW HITPOINT WARNING * * *
The orc barely misses you.
You closely miss Edmund.
Edmund is severely wounded.
Edmund hits you with a +0 dire flail of protection!
You die...

#.##.#.# #.#......#........#
#.##...♣♣##.#.######........#
#.........#'#.# #........#
#..#..........# ####........#
#....P..♣.....# #..'....#####
#......##.....###.##....#
#.......#.#'#.....##....#
#.........#.#...####....#
#......#.###.#.@o# #.####
#.######## #.##@.# ### #.+~~
#.....# #..## #....#######
#.... #.##.......? #.#
#.........#. #......##.#
#..#.#.# # #.##.#.#


You could see Edmund (berserk) and an orc.

Vanquished Creatures
  Prince Ribbit (D:6)
  2 ice beasts (D:6)
  A sky beast (D:6)
  An orc warrior (D:4)
  A centaur (D:6)
  A phantom (D:5)
  4 scorpions
  A howler monkey (D:6)
  3 hounds
  2 orc priests
  3 sleepcaps
  4 iguanas
  3 orc wizards (D:4)
  5 adders
  3 shadow imps (D:6)
  A white imp (D:6)
  4 ufetubi (D:6)
  2 worms
  3 dart slugs
  4 orcs
  8 ball pythons
  11 endoplasms
  8 giant cockroaches
  9 goblins
  5 hobgoblins
  4 jackals (D:3)
  6 kobolds
  7 quokkas
  6 bats
  3 frilled lizards
  7 rats
123 creatures vanquished.

Vanquished Creatures (others)
  2 demonic plants (D:6)
  211 foxfires
  2 plants (D:3)
  3 withered plants (D:6)
218 creatures vanquished.

Grand Total: 341 creatures vanquished

Notes
Turn   | Place    | Note
-------+----------+-------------------------------------------
     0 | D:1      | porpoise the Djinni Fire Elementalist began the quest for
                  | the Orb.
     0 | D:1      | porpoise set off with the following spells memorised:
                  | Foxfire, Scorch, Kindle Blastsparks, Inner Flame, Flame
                  | Wave.
     0 | D:1      | Reached XP level 1. HP: 15/15 MP: 0/0
   144 | D:1      | Reached XP level 2. HP: 10/21 MP: 0/0
   278 | D:1      | Found a faded altar of an unknown god.
   320 | D:1      | Reached skill level 1 in Fighting
   321 | D:1      | Reached XP level 3. HP: 22/27 MP: 0/0
   321 | D:1      | Learned a level 1 spell: Slow
  1029 | D:2      | Reached XP level 4. HP: 32/33 MP: 0/0
  1054 | D:2      | Reached skill level 2 in Fighting
  2132 | D:3      | Found a snail-covered altar of Cheibriados.
  2427 | D:3      | Reached XP level 5. HP: 30/39 MP: 0/0
  2427 | D:3      | Learned a level 2 spell: Ensorcelled Hibernation
  2799 | D:4      | Reached skill level 3 in Fighting
  2904 | D:4      | Identified the -1 helmet "Awkawop" {Harm rN++ Regen+
                  | Slay-3}
  2939 | D:4      | Reached XP level 6. HP: 39/46 MP: 0/0
  3005 | D:4      | Found an opulent altar of Gozag.
  3052 | D:4      | You are sucked into a shaft and drop 1 floor!
  3052 | D:5      | Entered Level 5 of the Dungeon
  3078 | D:4      | Found a broken altar of Ashenzari.
  3318 | D:4      | Found a bloodstained altar of Trog.
  3318 | D:4      | Noticed an orc warrior
  3328 | D:4      | HP: 2/47 [orc warrior/+0 hand axe (10)]
  3331 | D:4      | Killed an orc warrior
  3332 | D:4      | Reached skill level 4 in Fighting
  3332 | D:4      | Reached XP level 7. HP: 10/53 MP: 0/0
  3332 | D:4      | Learned a level 2 spell: Momentum Strike
  4207 | D:5      | Reached skill level 5 in Fighting
  4529 | D:5      | Reached skill level 5 in Spellcasting
  4548 | D:5      | Reached XP level 8. HP: 56/60 MP: 0/0
  5160 | D:6      | Reached skill level 6 in Fighting
  5253 | D:6      | Found a staircase to the Ecumenical Temple.
  5286 | Temple   | Entered the Ecumenical Temple
  5371 | Temple   | Became a worshipper of Makhleb the Destroyer
  5506 | D:6      | Found a runed translucent door.
  5560 | D:6      | Reached skill level 1 in Invocations
  5723 | D:6      | Reached skill level 7 in Fighting
  5728 | D:6      | Reached XP level 9. HP: 62/68 MP: 0/0
  5728 | D:6      | Learned a level 4 spell: Passage of Golubria
  5976 | D:6      | Noticed Prince Ribbit
  5980 | D:6      | Killed Prince Ribbit
  5999 | D:6      | Noticed Edmund
  6016 | D:6      | HP: 5/102 [Edmund/+0 dire flail of protection (4)]
  6017 | D:6      | Mangled by Edmund

Illustrated notes

Levels and vault maps discovered:
D:1:      minmay_arrival_cross, layout_basic,
          shapermc_ecumenical_altar_mp_highgroup, serial_rivers,
          chequers_serial_rivers_micro_a, chequers_serial_rivers_micro_b,
          chequers_serial_rivers_small_3, chequers_serial_rivers_large_a,
          chequers_serial_rivers_small_a, minmay_pentomino_t4
D:2:      layout_basic
D:3:      layout_loops_ring, amcnicky_altar_gilded, serial_bayou_ford_a,
          minmay_cupped
D:4:      layout_loops_corners, nzn_overflow_gifts_of_might_and_magic,
          ashenzari_altar_1, mainiacjoe_overflow_brackets, grunt_ministairs_14,
          st_stairs_3, kennysheep_dice
D:5:      layout_basic
D:6:      layout_basic, kiku_gazebo_garden_becter, temple_green, serial_demonic,
          serial_demonic_f, serial_demonic_b, serial_demonic_c,
          serial_demonic_g, ebering_ghost_sewer_d, kennysheep_generic_room_15,
          uniq_edmund, uniq_prince_ribbit1
Temple:   oiseaux_autumnal_temple

Skill      XL: |  1  2  3  4  5  6  7  8  9 |
---------------+----------------------------+-----
Fighting       | 1 2 3 4 5 7 |  7.3
Spellcasting   | 3 4 5 6 |  6.1
Stealth        | 2 |  2.1
Invocations    | 1 2 |  2.0
Short Blades   | |  0.7
Dodging        | |  2.4

Action                     |  1- 3 |  4- 6 |  7- 9 || total
---------------------------+-------+-------+-------++-------
  Melee: Hand axe          |     5 |     7 |       ||    12
         Dagger            |       |    26 |    30 ||    56
   Fire: Sling             |       |    36 |       ||    36
   Cast: Foxfire           |    36 |    39 |    55 ||   130
         Scorch            |     3 |    29 |    26 ||    58
         Momentum Strike   |       |       |     7 ||     7
         Kindle Blastspark |       |       |     3 ||     3
         Flame Wave        |       |       |     1 ||     1
         Ensorcelled Hiber |       |       |     2 ||     2
    Use: Scroll            |       |     7 |     4 ||    11
         Potion            |       |     1 |     1 ||     2
   Stab: Sleeping          |       |     2 |     1 ||     3
 Armour: Robe              |     1 |    13 |     9 ||    23
  Dodge: Dodged            |     2 |    38 |    39 ||    79

Table legend: (Time is in decaauts)
 A = Elapsed time spent in this place.
 B = Non-inter-level travel time spent in this place.
 C = Inter-level travel time spent in this place.
 D = Time resting spent in this place.
 E = Time spent auto-exploring this place.
 F = Levels seen in this place.
 G = Mean time per level.
                   A        B        C        D        E       F      G
               +--------+--------+--------+--------+--------+-----+--------+
         Total |   6026 |   5867 |    159 |   1032 |   3824 |   7 |  860.9 |
       Dungeon |   5908 |   5781 |    127 |   1032 |   3755 |   6 |  984.7 |
        Temple |    117 |     85 |     32 |      0 |     69 |   1 |  117.0 |
               +--------+--------+--------+--------+--------+-----+--------+

Top non-repeatable levels by time:
     D:4: 1504 daAuts
     D:5: 1009 daAuts
     D:2: 1006 daAuts
     D:1: 889 daAuts
     D:6: 751 daAuts
     D:3: 747 daAuts
  Temple: 117 daAuts
